 Dungeon Crawl Stone Soup version 0.18.1-47-g9310371 (webtiles) character file.

429 Shtopit the Charmwright (level 7, -4/53 HPs)
             Began as a Formicid Skald on June 19, 2016.
             Shot with an arrow by a centaur (5 damage)
             ... on level 5 of the Dungeon.
             The game lasted 00:15:05 (4956 turns).

Shtopit the Charmwright (Formicid Skald)            Turns: 4956, Time: 00:15:05

Health: -4/53      AC:  6    Str: 17    XL:     7   Next: 19%
Magic:  4/11       EV: 12    Int: 13    God:
Gold:   206        SH:  0    Dex: 10    Spells: 3 memorised, 4 levels left

rFire  . . .     SeeInvis +     a - +0 falchion
rCold  . . .     Gourm    .     b - +0 leather armour
rNeg   . . .     Faith    .     (no shield)
rPois  .         Spirit   .     (helmet unavailable)
rElec  .         Dismiss  .     (no cloak)
rCorr  .         Reflect  .     l - +0 pair of gloves
SustAt .         Harm     .     t - +1 pair of boots
MR     .....                    (no amulet)
Stlth  +.........               (no ring)
                                (no ring)

@: not resistant to hostile enchantments, very unstealthy
A: permanent stasis, dig shafts and tunnels, four strong arms, antennae 3
a: Dig, Shaft Self


You were on level 5 of the Dungeon.
You were very hungry.

You visited 1 branch of the dungeon, and saw 5 of its levels.

You collected 216 gold pieces.
You spent 10 gold pieces at shops.

Inventory:

Hand Weapons
 a - a +0 falchion (weapon)
 w - a +0 hunting sling
Missiles
 h - 13 bolts
 x - 93 stones (quivered)
Armour
 b - a +0 leather armour (worn)
 l - a +0 pair of gloves (worn)
 m - a +0 ring mail
 p - a +0 pair of boots
 t - a +1 pair of boots (worn)
 z - a +2 ring mail of cold resistance
Wands
 n - a wand of slowing (37/48)
Scrolls
 e - 2 scrolls of fog
 f - a scroll of noise {unknown}
 u - a scroll of magic mapping
 v - a scroll of fear
 y - a scroll of enchant armour
Potions
 j - a potion of resistance
 r - a potion of curing
 A - a potion of heal wounds {unknown}
Books
 c - a book of Battle

   Spells                             Type                      Level
   a - Infusion                       Charms                       1
   b - Shroud of Golubria             Charms/Translocation         2
   c - Song of Slaying                Charms                       2
   d - Spectral Weapon                Hexes/Charms                 3
   e - Regeneration                   Charms/Necromancy            3
Comestibles
 d - 2 bread rations
 g - 3 chunks of flesh
 i - a beef jerky


   Skills:
 + Level 3.8 Fighting
 + Level 3.2 Long Blades
 + Level 3.1 Armour
 + Level 3.2 Dodging
 + Level 1.5 Stealth
 + Level 2.7 Spellcasting
 + Level 4.0 Charms


You had 4 spell levels left.
You knew the following spells:

 Your Spells              Type           Power        Failure   Level  Hunger
a - Infusion              Chrm           ##..         8%          1    #......
b - Regeneration          Chrm/Necr      #.........   38%         3    ###....
c - Spectral Weapon       Hex/Chrm       #.......     38%         3    ###....


Dungeon Overview and Level Annotations

Branches:
Dungeon (5/15)
 Temple: D:4-7

Altars:
Pakellas
Qazlal
Trog
The Shining One

Shops:
D:4 :*

Annotations:
D:4 Pikel


Innate Abilities, Weirdness & Mutations

You are under a permanent stasis effect.
You can dig through walls and to a lower floor.
Your four strong arms can wield two-handed weapons with a shield.
You have a pair of large antennae on your head (SInv).


Message History

You see here an arrow.
Casting: Spectral Weapon
Confirm with . or Enter, or press ? or * to list all spells.
You draw out your weapon's spirit!
You swap places.
Are you sure you want to shaft yourself?
You are feeling very hungry.
The centaur shoots an arrow.
The arrow closely misses your spectral weapon.
The arrow hits you.
* * * LOW HITPOINT WARNING * * *
The centaur shoots an arrow.
The arrow hits your spectral weapon.
Your spectral weapon shares its damage with you!
* * * LOW HITPOINT WARNING * * *
You begin to dig a shaft.
You continue digging a shaft.
You are no longer magically infusing your attacks.
The centaur shoots an arrow.
The arrow barely misses your spectral weapon.
The arrow hits you.
You die...

### ..# ### #.# #.. #.#
#$# #.#######.### #.#
...........#######.#
####.......@(c(.##.#
#..........####(##.#
#.##<###....###.##.#######
#.# #........(((......#
#.# #....###.#c(.#.##..
#.# ###.## #.(##.# .# #.#
#.# #.###.# .# #.# #.#
#....... # #.#####.###..##
.##


You could see a centaur and a friendly spectral falchion.

Vanquished Creatures
  Edmund (D:4)
  A phantom (D:4)
  2 hounds
  Robin (D:3)
  5 adders
  A shadow imp (D:5)
  An ooze (D:1)
  An adder zombie (D:5)
  A worm (D:2)
  A dart slug (D:1)
  3 giant geckos
  An orc (D:4)
  2 ball pythons
  6 bats
  4 giant cockroaches
  20 goblins
  8 hobgoblins
  8 jackals
  6 kobolds
  2 quokkas
  6 giant newts
  8 rats
89 creatures vanquished.

Vanquished Creatures (others)
  2 spectral weapons
2 creatures vanquished.

Grand Total: 91 creatures vanquished

Notes
Turn   | Place    | Note
--------------------------------------------------------------
     0 | D:1      | Shtopit the Formicid Skald began the quest for the Orb.
     0 | D:1      | Reached XP level 1. HP: 16/16 MP: 3/3
   193 | D:1      | Reached XP level 2. HP: 14/23 MP: 5/5
   511 | D:1      | Reached skill level 1 in Dodging
   618 | D:1      | Reached XP level 3. HP: 26/28 MP: 6/6
   637 | D:1      | Learned a level 3 spell: Regeneration
  1946 | D:2      | Reached XP level 4. HP: 24/34 MP: 7/7
  2855 | D:3      | Found a glowing golden altar of the Shining One.
  3071 | D:3      | Reached skill level 1 in Stealth
  3071 | D:3      | Reached XP level 5. HP: 37/40 MP: 4/8
  3138 | D:3      | Learned a level 3 spell: Spectral Weapon
  3659 | D:4      | Found Rirch's Book Emporium.
  3847 | D:4      | Noticed a phantom
  3867 | D:4      | Killed a phantom
  3867 | D:4      | Reached XP level 6. HP: 16/47 MP: 3/9
  4190 | D:4      | Noticed Edmund
  4205 | D:4      | Killed Edmund
  4361 | D:4      | Found Neroushrauz's General Store.
  4370 | D:4      | Bought a potion of degeneration for 10 gold pieces
  4401 | D:4      | Noticed Robin
  4418 | D:4      | Reached XP level 7. HP: 52/52 MP: 6/10
  4498 | D:3      | Found a bloodstained altar of Trog.
  4498 | D:3      | Found an oddly glowing altar of Pakellas.
  4503 | D:3      | Killed Robin
  4701 | D:4      | Found a stormy altar of Qazlal.
  4731 | D:4      | Noticed Pikel
  4743 | D:5      | Entered Level 5 of the Dungeon
  4747 | D:5      | Reached skill level 4 in Charms
  4955 | D:5      | HP: 2/53 [centaur/arrow (4)]
  4956 | D:5      | Shot with an arrow by a centaur

Skill      XL: |  1  2  3  4  5  6  7 |
---------------+----------------------+-----
Dodging        | 1 2 3 |  3.2
Armour         | 2 3 |  3.1
Stealth        | 1 |  1.5
Fighting       | 3 |  3.8
Long Blades    | 3 |  3.2
Charms         | 4 |  4.0
Spellcasting   | |  2.7

Action                   |  1- 3 |  4- 6 |  7- 9 || total
-------------------------+-------+-------+-------++-------
Melee: Falchion          |   100 |   162 |    64 ||   326
 Cast: Infusion          |     3 |     7 |     4 ||    14
       Spectral Weapon   |       |     1 |     4 ||     5
       Regeneration      |       |       |     1 ||     1
 Abil: Shaft Self        |       |       |     1 ||     1
  Use: Scroll            |       |     6 |       ||     6
       Potion            |       |     4 |       ||     4
  Eat: Chunk             |     3 |     8 |     1 ||    12
       Beef jerky        |       |       |     1 ||     1
Armor: Leather armour    |    49 |    60 |    45 ||   154
Dodge: Dodged            |    81 |   115 |    68 ||   264
